 Dungeon Crawl Stone Soup version 0.22-a0-149-g870e420 (webtiles) character file.

211 tof the Skirmisher (level 5, -2/47 HPs)
             Began as a Minotaur Fighter on Feb 7, 2018.
             Was an Initiate of Okawaru.
             Slain by an orc
             ... wielding a +0 trident
              (3 damage)
             ... on level 3 of the Dungeon.
             The game lasted 00:01:38 (1929 turns).

tof the Skirmisher (Minotaur Fighter)               Turns: 1929, Time: 00:01:38

Health: -2/47      AC:  7    Str: 21    XL:     5   Next: 57%
Magic:  4/4        EV:  7    Int:  5    God:    Okawaru [......]
Gold:   66         SH: 10    Dex: 14    Spells: 4/4 levels left

rFire    + . .     SeeInvis .   r - -1 whip (curse)
rCold    . . .     Gourm    .   c - +0 shield
rNeg     . . .     Faith    .   b - +0 scale mail
rPois    .         Spirit   .   (helmet restricted)
rElec    .         Reflect  .   (no cloak)
rCorr    .         Harm     .   (no gloves)
MR       .....                  (no boots)
Stlth    ..........             (no amulet)
HPRegen  0.15/turn              e - ring of protection from fire
MPRegen  0.09/turn              g - +4 ring of dexterity

@: no status effects
A: retaliatory headbutt, horns 2
a: Renounce Religion


You were on level 3 of the Dungeon.
You worshipped Okawaru.
Okawaru was noncommittal.
You were not hungry.

You visited 1 branch of the dungeon, and saw 3 of its levels.

You collected 66 gold pieces.

Inventory:

Hand Weapons
 a - a +0 flail
 r - a cursed -1 whip (weapon)
Armour
 b - a +0 scale mail (worn)
 c - a +0 shield (worn)
Jewellery
 e - a ring of protection from fire (left hand)
 g - a +4 ring of dexterity (right hand)
Scrolls
 h - 4 scrolls of identify {unknown}
 i - a scroll of remove curse {unknown}
 j - a scroll of random uselessness {unknown}
 m - 3 scrolls of teleportation {unknown}
 n - a scroll of fear {unknown}
 o - a scroll of enchant weapon {unknown}
 q - 2 scrolls of blinking {unknown}
Potions
 d - a potion of might
 k - 2 potions of invisibility {unknown}
 l - a potion of resistance {unknown}
 p - a potion of lignification {unknown}
Comestibles
 f - 5 rations


   Skills:
 + Level 4.8 Fighting
 * Level 4.4 Maces & Flails
 + Level 4.6 Armour
 + Level 4.7 Shields
 + Level 1.1 Invocations


You had 4 spell levels left.
You didn't know any spells.

Dungeon Overview and Level Annotations

Branches:
Dungeon (3/15)

Altars:
Okawaru
Vehumet
The Shining One


Innate Abilities, Weirdness & Mutations

You reflexively headbutt those who attack you in melee.
You have a pair of horns on your head.


Message History

You hear some strange, mumbled words.
A puff of flame appears from out of thin air!
The puff of flame hits you! You resist.
* * * LOW HITPOINT WARNING * * *
The orc hits you with a hand axe of chopping.
* * * LOW HITPOINT WARNING * * *
x2 Something hits you but does no damage.
You block the orc's attack.
You miss something. Okawaru accepts your kill.
Reactivating autopickup.
You feel a bit more experienced.
The orc hits you with a hand axe of chopping.
* * * LOW HITPOINT WARNING * * *
x2 You block the giant cockroach's attack.
You block the orc's attack.
Your scale mail prevents you from hitting the giant cockroach.
You kill the giant cockroach!
Okawaru accepts your kill. You block the orc's attack.
The orc hits you from afar with a trident.
You die...

### ..# ##.#### #.....
########..#######
......)@.........
####..o#..############
.....o.#..†..........
###....#.#..##.....####.
......#.#..##.....#....
####...#.#...........#
#...#.#.###.......#
#...#.#.. #.......#
#.##. #......<#


You could see 2 orcs.

Vanquished Creatures
  2 orc wizards (D:3)
  Jessica (D:2)
  Terence (D:2)
  3 gnolls (D:2)
  2 adders (D:2)
  A worm (D:3)
  2 dart slugs (D:1)
  2 leopard geckos
  An orc (D:3)
  9 bats
  2 giant cockroaches
  10 hobgoblins
  2 ball pythons
  4 frilled lizards
  2 goblins (D:1)
  4 kobolds
  6 rats
54 creatures vanquished.

Notes
Turn   | Place    | Note
-------+----------+-------------------------------------------
     0 | D:1      | tof the Minotaur Fighter began the quest for the Orb.
     0 | D:1      | Reached XP level 1. HP: 19/19 MP: 0/0
   167 | D:1      | Reached XP level 2. HP: 27/27 MP: 1/1
   645 | D:1      | Reached XP level 3. HP: 33/33 MP: 2/2
   808 | D:2      | Noticed Terence
   814 | D:2      | Killed Terence
   884 | D:2      | Found an iron altar of Okawaru.
  1070 | D:2      | Became a worshipper of Warmaster Okawaru
  1191 | D:2      | Reached XP level 4. HP: 36/41 MP: 3/3
  1332 | D:2      | Found a glowing golden altar of the Shining One.
  1421 | D:2      | Found a radiant altar of Vehumet.
  1431 | D:2      | Noticed Jessica
  1435 | D:2      | Killed Jessica
  1448 | D:2      | Reached XP level 5. HP: 23/47 MP: 4/4
  1920 | D:3      | Reached skill level 1 in Invocations
  1928 | D:3      | HP: 2/47 [orc/hand axe of chopping (2)]
  1929 | D:3      | Slain by an orc

Vault maps used:
D:1:      dpeg_arrival_court
D:2:      vehumet_crystals, lemuel_coloured_pillars_altar, first_ration,
          minmay_strange_pillars, okawaru_trees_1, uniq_terence, uniq_jessica
D:3:      mrwooster_statue_mirror, corexii_shack, guppyfry_early_orc_mine

Skill      XL: |  1  2  3  4  5 |
---------------+----------------+-----
Shields        | 4 |  4.7
Fighting       | 4 |  4.8
Armour         | 4 |  4.6
Maces & Flails | 3 4 |  4.4
Invocations    | 1 |  1.1

Action                   |  1- 3 |  4- 6 || total
-------------------------+-------+-------++-------
Melee: Flail             |    83 |    28 ||   111
       Headbutt          |    11 |    17 ||    28
       Whip              |       |    30 ||    30
  Eat: Chunk             |     1 |     2 ||     3
Armor: Scale mail        |    27 |    27 ||    54
Dodge: Dodged            |    41 |    19 ||    60
Block: Shield            |    45 |    39 ||    84

Table legend:
 A = Spawn XP
 B = Non-spawn XP
 C = Spawn XP percentage of total XP
 D = Spawn monster count
 E = Non-spawn monster count
 F = Spawn count percentage of total count
 G = Total turns spent on level
                    A         B        C        D         E        F      G
               +---------+---------+-------+---------+---------+-------+---------
         Total |       0 |     302 |   0.0 |       0 |      54 |   0.0 |  1929
               +---------+---------+-------+---------+---------+-------+---------
           D:1 |       0 |      42 |   0.0 |       0 |      25 |   0.0 |   756
           D:2 |       0 |     167 |   0.0 |       0 |      21 |   0.0 |  1124
           D:3 |       0 |      93 |   0.0 |       0 |       8 |   0.0 |    49
               +---------+---------+-------+---------+---------+-------+---------
